 Dungeon Crawl Stone Soup version 0.20-a0-1039-gf554463 (webtiles) character file.

5282 Chaoticas the Martial Artist (level 10, 0/80 HPs)
             Began as a Gnoll Transmuter on Apr 22, 2017.
             Was a Believer of Makhleb.
             Slain by a spiny frog (21 damage)
             ... on level 9 of the Dungeon.
             The game lasted 01:11:36 (11807 turns).

Chaoticas the Martial Artist (Gnoll Transmuter)    Turns: 11807, Time: 01:11:37

Health: 0/80       AC:  2    Str: 16    XL:     10   Next: 63%
Magic:  20/22      EV: 27    Int: 17    God:    Makhleb [**....]
Gold:   538        SH:  0    Dex: 19    Spells: 15/26 levels left

rFire    . . .     SeeInvis .     - Unarmed
rCold    . . .     Gourm    .   (shield currently unavailable)
rNeg     . . .     Faith    .   (armour currently unavailable)
rPois    .         Spirit   .   (helmet currently unavailable)
rElec    .         Reflect  .   (cloak currently unavailable)
rCorr    .         Harm     .   (gloves currently unavailable)
MR       .....                  (boots currently unavailable)
Stlth    ++........             O - amulet of regeneration
Regen    0.7/turn               h - ring of poison resistance
MPRegen  0.2/turn               x - +6 ring of strength

@: lethally poisoned (0 -> -2), spider-form
A: short attention span, strong nose
a: End Transformation, Minor Destruction, Renounce Religion


You were on level 9 of the Dungeon.
You worshipped Makhleb.
Makhleb was pleased with you.
You were not hungry.
You were a venomous arachnid creature.
You visited 3 branches of the dungeon, and saw 13 of its levels.

You collected 538 gold pieces.

Inventory:

Hand Weapons
 z - a +0 hand crossbow
 D - a +0 hunting sling of flaming
Missiles
 a - 130 arrows
 e - 213 stones (quivered)
 F - 25 bolts
Armour
 G - a +1 robe of magic resistance (melded)
Jewellery
 h - a ring of poison resistance (left front leg)
 o - an uncursed ring of fire
 u - an uncursed ring of ice
 v - an uncursed ring of protection from fire
 x - a +6 ring of strength (right front leg)
 y - an uncursed ring of protection from cold
 H - an uncursed ring of resist corrosion
 O - an amulet of regeneration (around neck)
Wands
 f - a wand of iceblast (6/15)
 w - a wand of acid (3/15)
 B - a wand of random effects (18/48)
 N - a wand of flame (20/48)
Scrolls
 k - a scroll of blinking
 m - 2 scrolls of amnesia
 s - 4 scrolls of remove curse
 t - 3 scrolls of enchant weapon {unknown}
 L - a scroll of recharging
 M - a scroll of teleportation
Potions
 i - 4 potions of lignification
 j - 3 potions of haste
 l - 2 potions of curing
 r - 3 potions of flight
 A - a potion of brilliance
 C - a potion of resistance {unknown}
 E - 2 potions of heal wounds
 J - a potion of magic {unknown}
 P - a potion of might {unknown}
Books
 c - a book of Changes

   Spells                             Type                      Level
   a - Beastly Appendage              Transmutation                1
   b - Sticks to Snakes               Transmutation                2
   c - Spider Form                    Transmutation/Poison         3
   d - Ice Form                       Ice/Transmutation            4
   e - Blade Hands                    Transmutation                5
 g - a book of Misfortune

   Spells                             Type                      Level
   a - Confusing Touch                Hexes                        1
   b - Confuse                        Hexes                        3
   c - Gell's Gravitas                Translocation                3
   d - Petrify                        Transmutation/Earth          4
   e - Metabolic Englaciation         Hexes/Ice                    5
   f - Yara's Violent Unravelling     Hexes/Transmutation          5
 I - a book of Minor Magic

   Spells                             Type                      Level
   a - Magic Dart                     Conjuration                  1
   b - Blink                          Translocation                2
   c - Call Imp                       Summoning                    2
   d - Slow                           Hexes                        2
   e - Conjure Flame                  Conjuration/Fire             3
   f - Mephitic Cloud                 Conjuration/Poison/Air       3
 K - a Young Poisoner's Handbook

   Spells                             Type                      Level
   a - Sting                          Conjuration/Poison           1
   b - Poisonous Vapours              Poison/Air                   2
   c - Mephitic Cloud                 Conjuration/Poison/Air       3
   d - Olgreb's Toxic Radiance        Poison                       4
   e - Venom Bolt                     Conjuration/Poison           5
Miscellaneous
 p - a sack of spiders
Comestibles
 b - 9 chunks of flesh
 d - 6 bread rations
 q - 3 meat rations


   Skills:
 + Level 8.2 Fighting
 + Level 7.4 Dodging
 * Level 9.8 Unarmed Combat
 * Level 8.7 Spellcasting
 * Level 9.7 Transmutations
 - Level 3.3 Poison Magic


You had 15 spell levels left.
You knew the following spells:

 Your Spells              Type           Power        Failure   Level  Hunger
a - Beastly Appendage     Tmut           #####.       2%          1    None
b - Sticks to Snakes      Tmut           #####...     2%          2    None
c - Spider Form           Tmut/Pois      ####......   8%          3    #......
d - Blade Hands           Tmut           #####.....   14%         5    #####..


Dungeon Overview and Level Annotations

Branches:
Dungeon (11/15)            Temple (1/1) D:5            Lair (1/6) D:9
    Orc: D:9-12

Altars:
Cheibriados
Dithmenos
Elyvilon
Fedhas
Gozag
Hepliaklqana
Kikubaaqudgha
Makhleb
Qazlal
Ru
Sif Muna
Uskayaw
Vehumet
Wu Jian
Xom
Yredelemnul
Zin
The Shining One

Shops:
D:4 (

Annotations:
D:11 Urug


Innate Abilities, Weirdness & Mutations

You have a short attention span.
((You have very sharp teeth.))
Your uncanny sense of smell can sniff out nearby items.


Message History

There is a staircase to the Lair here.
You hit the spiny frog.
The spiny frog is lightly wounded.
You feel sick. The spiny frog completely misses you.
You hit the spiny frog.
The spiny frog is moderately wounded.
You feel sick. The spiny frog completely misses you.
You bite the spiny frog!
The spiny frog is poisoned.
The spiny frog is heavily wounded.
You feel sick. The spiny frog stings you!
* * * LOW HITPOINT WARNING * * *
You hit the spiny frog but do no damage.
The spiny frog is heavily wounded.
You feel sick. The spiny frog stings you.
* * * LOW HITPOINT WARNING * * *
You hit the spiny frog.
The spiny frog looks as sick as possible!
The spiny frog is severely wounded.
You feel sick. The spiny frog stings you!!
You die...

############# #.
#...........##########.
#.###...###............
#.##.....##.##########.
#.#.......#.# #.
#.#.P.....#.# ##
#...........# #
#.....F.....#
#.....s.....#
##..........#
#..........#
##.......#.#
#.......#.# ##.....##.#
##...###.# ##......#
########


You could see a spiny frog.

Vanquished Creatures
  An unseen horror (D:10)
  Pikel (D:7)
  An elephant (D:9)
  Prince Ribbit (D:7)
  A hippogriff (D:10)
  2 yaks (D:9)
  The ghost of dogface the Cutter, an amateur GnWr (D:4)
  A hungry ghost (D:10)
  A water moccasin (D:7)
  Duvessa (D:7)
  2 orc warriors
  2 black bears
  2 sky beasts
  A necrophage (D:7)
  4 ogres
  A phantom (D:8)
  2 crocodiles (D:9)
  2 centaurs
  A big kobold (D:6)
  3 bullfrogs
  Dowan (D:7)
  3 scorpions
  5 wights (D:6)
  3 crimson imps
  A bullfrog zombie (D:5)
  A quasit (D:6)
  2 hounds
  4 orc priests
  A bullfrog skeleton (D:10)
  A jelly (D:7)
  4 orc wizards
  Ijyb (D:5)
  An iguana (D:4)
  5 worker ants
  A hound zombie (D:7)
  Robin (D:3)
  12 adders
  2 shadow imps
  2 adder zombies
  2 adder skeletons
  3 worms
  3 dart slugs
  5 leopard geckos
  11 orcs
  4 bats
  8 giant cockroaches
  2 gnoll zombies (D:2)
  18 goblins
  10 hobgoblins
  3 jackals
  3 quokkas (D:4)
  2 frilled lizards (D:1)
  25 kobolds
  A quokka skeleton (D:8)
  4 rats
186 creatures vanquished.

Vanquished Creatures (others)
  4 slaves (D:7)
  A bullfrog (D:7)
  An adder (D:7)
  A leopard gecko (D:7)
7 creatures vanquished.

Grand Total: 193 creatures vanquished

Notes
Turn   | Place    | Note
-------+----------+-------------------------------------------
     0 | D:1      | Chaoticas the Gnoll Transmuter began the quest for the Orb.
     0 | D:1      | Reached XP level 1. HP: 15/15 MP: 4/4
   213 | D:1      | Reached XP level 2. HP: 22/22 MP: 4/6
   856 | D:1      | Reached skill level 5 in Unarmed Combat
  1101 | D:1      | Reached XP level 3. HP: 28/28 MP: 5/7
  1688 | D:2      | Learned a level 2 spell: Sticks to Snakes
  1692 | D:2      | Learned a level 3 spell: Spider Form
  1803 | D:2      | Reached XP level 4. HP: 35/35 MP: 6/8
  1888 | D:2      | Reached skill level 1 in Poison Magic
  2657 | D:2      | Found a basalt altar of Yredelemnul.
  2741 | D:3      | Noticed Robin
  3079 | D:3      | Killed Robin
  3308 | D:3      | Reached XP level 5. HP: 41/41 MP: 7/9
  3730 | D:3      | Noticed an ogre
  3765 | D:3      | Killed an ogre
  3765 | D:3      | Reached skill level 5 in Transmutations
  4028 | D:4      | Got an ancient scale mail
  4029 | D:4      | Identified the +0 scale mail "Rythruiff" {Stlth+} (You found it on level 4 of the Dungeon)
  4144 | D:4      | Reached XP level 6. HP: 38/48 MP: 8/10
  4217 | D:4      | Noticed dogface's ghost (amateur GnWr)
  4368 | D:4      | Found Gucirr's Weapon Shop.
  4441 | D:4      | Found a radiant altar of Vehumet.
  4854 | D:4      | Killed dogface's ghost
  5251 | D:5      | Entered Level 5 of the Dungeon
  5317 | D:5      | Found a white marble altar of Elyvilon.
  5363 | D:5      | Noticed Ijyb
  5370 | D:5      | Killed Ijyb
  5370 | D:5      | Reached XP level 7. HP: 55/55 MP: 7/11
  5413 | D:5      | Found a glowing golden altar of the Shining One.
  5417 | D:5      | Found an ornate altar of the Wu Jian Council.
  5418 | D:5      | Found a shimmering altar of Xom.
  5423 | D:5      | Found a blossoming altar of Fedhas.
  5424 | D:5      | Found a hazy altar of Hepliaklqana.
  5908 | D:5      | Found a staircase to the Ecumenical Temple.
  5920 | Temple   | Entered the Ecumenical Temple
  5946 | Temple   | Became a worshipper of Makhleb the Destroyer
  6225 | D:5      | Reached skill level 5 in Fighting
  6820 | D:6      | Reached XP level 8. HP: 50/63 MP: 8/12
  7573 | D:6      | Reached skill level 5 in Dodging
  7578 | D:6      | Reached * piety under Makhleb
  8323 | D:7      | Reached skill level 5 in Spellcasting
  8399 | D:7      | Noticed Prince Ribbit
  8410 | D:7      | Killed Prince Ribbit
  8410 | D:7      | Reached XP level 9. HP: 71/71 MP: 13/17
  8488 | D:7      | Noticed Pikel
  8498 | D:7      | Killed Pikel
  8596 | D:7      | Noticed Duvessa
  8598 | D:7      | Noticed Dowan
  8616 | D:7      | Killed Duvessa
  8623 | D:7      | Killed Dowan
  9253 | D:8      | Found a snail-covered altar of Cheibriados.
  9455 | D:8      | You fall through a shaft!
  9618 | D:8      | Reached ** piety under Makhleb
 10112 | D:9      | Learned a level 5 spell: Blade Hands
 10321 | D:9      | Found a staircase to the Lair.
 10325 | D:9      | Noticed an elephant
 10353 | D:9      | Killed an elephant
 10353 | D:9      | Reached XP level 10. HP: 46/80 MP: 17/22
 10645 | D:10     | Entered Level 10 of the Dungeon
 11452 | D:10     | HP: 3/80 [something (2)]
 11480 | D:10     | Killed an unseen horror
 11633 | D:11     | Noticed Urug
 11798 | Lair:1   | Entered Level 1 of the Lair of Beasts
 11798 | Lair:1   | Noticed a four-headed hydra
 11798 | Lair:1   | Noticed a four-headed hydra
 11798 | Lair:1   | Noticed a spiny frog
 11807 | D:9      | Slain by a spiny frog

Vault maps used:
D:1:      dpeg_arrival_leaves_temple_mockup, minivault_24
D:2:      lemuel_zombie_altar_yredelemnul
D:3:      uniq_robin
D:4:      overflow_temple_1_default, serial_shops, shop
D:5:      minitemple, nicolae_overflow_crystal_walls,
          minmay_temple_entry_glassed_door, first_bread, uniq_ijyb
D:6:      kennysheep_kobold_camp
D:7:      uniq_duvessa, uniq_pikel, uniq_prince_ribbit1
D:8:      kennysheep_mini
D:9:      david_lair_generic
D:10:     grunt_ogre_cave
D:11:     lightli_corner_chamber, uniq_urug, uniq_maurice
Temple:   nicolae_temple_god_jail
Lair:1:   basic_altar, uniq_nergalle

Skill      XL: |  1  2  3  4  5  6  7  8  9 10 |
---------------+-------------------------------+-----
Fighting       | 2 3 4 5 6 7 8 |  8.2
Unarmed Combat | 5 6 7 8 9 |  9.8
Transmutations | 4 5 6 7 8 9 |  9.7
Poison Magic   | 1 3 |  3.3
Dodging        | 4 5 7 |  7.4
Spellcasting   | 5 8 |  8.7

Action                   |  1- 3 |  4- 6 |  7- 9 | 10-12 || total
-------------------------+-------+-------+-------+-------++-------
Melee: Unarmed           |    86 |   224 |   291 |   107 ||   708
       Bite              |     5 |    13 |    12 |     2 ||    32
       Headbutt          |     5 |     7 |    10 |     4 ||    26
       Kick              |     5 |    19 |     7 |       ||    31
       Punch             |     1 |     7 |     3 |       ||    11
Throw: Stone             |     3 |    10 |     3 |     1 ||    17
 Cast: Beastly Appendage |    13 |    26 |    16 |     4 ||    59
       Spider Form       |       |     7 |    22 |    11 ||    40
       Sticks to Snakes  |       |     3 |     2 |       ||     5
 Abil: End Transformatio |       |       |     1 |       ||     1
Evoke: Wand              |       |       |       |     1 ||     1
  Use: Scroll            |       |    16 |     2 |     2 ||    20
       Potion            |       |       |       |     7 ||     7
 Stab: Sleeping          |     1 |       |       |       ||     1
  Eat: Chunk             |     2 |    13 |    12 |     2 ||    29
       Royal jelly       |       |       |     1 |       ||     1
       Fruit             |       |       |     3 |     3 ||     6
       Meat ration       |       |       |       |     1 ||     1
Armor: Robe              |    12 |    30 |    15 |       ||    57
       Skin              |       |     2 |    12 |    25 ||    39
Dodge: Dodged            |    52 |   148 |   231 |   103 ||   534
